 Dungeon Crawl Stone Soup version 0.23-a0-241-g3b46b07 (webtiles) character file.

50 Amnesiac the Digger (level 3, 0/19 HPs)
             Began as a Deep Elf Earth Elementalist on Sept 27, 2018.
             Slain by an ogre
             ... wielding a +0 giant spiked club
              (19 damage)
             ... on level 4 of the Dungeon.
             The game lasted 00:01:57 (567 turns).

Amnesiac the Digger (Deep Elf Earth Elementalist)    Turns: 567, Time: 00:01:58

Health: 0/19       AC:  2    Str:  5    XL:     3   Next: 55%
Magic:  4/10       EV: 13    Int: 20    God:
Gold:   17         SH:  0    Dex: 15    Spells: 3/9 levels left

rFire    . . .     SeeInvis .   (no weapon)
rCold    . . .     Gourm    .   (no shield)
rNeg     . . .     Faith    .   c - +0 robe
rPois    .         Spirit   .   (no helmet)
rElec    .         Reflect  .   (no cloak)
rCorr    .         Harm     .   (no gloves)
MR       .....                  (no boots)
Stlth    ++........             (no amulet)
HPRegen  0.06/turn              (no ring)
MPRegen  0.12/turn              (no ring)

@: very slightly contaminated
A: no striking features
a: no special abilities


You were on level 4 of the Dungeon.
You were not hungry.

You visited 1 branch of the dungeon, and saw 4 of its levels.

You collected 17 gold pieces.

Inventory:

Missiles
 b - a stone (quivered)
Armour
 c - a +0 robe (worn)
Scrolls
 e - 2 scrolls of teleportation {!r, unknown}
 g - a scroll of immolation {!r, unknown}
Potions
 a - 2 potions of heal wounds {!q, unknown}
 f - 2 potions of might {!q, unknown}
 h - a potion of berserk rage {!q, unknown}
Comestibles
 d - 2 rations


   Skills:
 - Level 2.4 Dodging
 - Level 2.4 Stealth
 + Level 3.9 Spellcasting
 - Level 1.1 Transmutations
 * Level 4.6 Earth Magic


You had 3 spell levels left.
You knew the following spells:

 Your Spells              Type           Power        Failure   Level  Hunger
a - Sandblast             Erth           ###...       1%          1    None
b - Passwall              Tmut/Erth      ###.....     6%          2    ##.....
c - Stone Arrow           Conj/Erth      ##....       16%         3    ###....

Your spell library contained the following spells:

 Spells                   Type           Power        Failure   Level  Hunger
 Petrify                  Tmut/Erth      ###.....     36%         4    ####...
 Lee's Rapid Deconstruct  Erth           ###.......   47%         5    ######.


Dungeon Overview and Level Annotations

Branches:
Dungeon (4/15)
 Temple: D:4-7

Altars:
Kikubaaqudgha
Xom


Message History

b - 7 stones
Casting: Sandblast (safe; 2% risk of failure)
Confirm with . or Enter, or press ? or * to list all spells.
Aiming: Sandblast (safe; 2% risk of failure)
Press: ? - help, Shift-Dir - straight line, f/p - adder
Aim: an adder You miscast Sandblast.
You are very lightly contaminated with residual magic.
Motes of dust swirl before your eyes. The adder misses you.
The adder barely misses you.
An ogre comes into view. It is wielding a giant spiked club.
Casting: Sandblast (safe; 2% risk of failure)
Confirm with . or Enter, or press ? or * to list all spells.
Aiming: Sandblast (safe; 2% risk of failure)
Press: ? - help, Shift-Dir - straight line, f/p - adder
Aim: an adder The blast of sand hits the adder.
You kill the adder!
b - 6 stones
Casting: Sandblast (safe; 1% risk of failure)
Confirm with . or Enter, or press ? or * to list all spells.
Aiming: Sandblast (safe; 1% risk of failure)
Press: ? - help, Shift-Dir - straight line, f - orc
Aim: an orc, wielding a falchion The blast of sand hits the orc.
You kill the orc!
b - 5 stones You start resting.
Magic restored.
Casting: Sandblast (safe; 1% risk of failure)
Confirm with . or Enter, or press ? or * to list all spells.
Aiming: Sandblast (safe; 1% risk of failure)
Press: ? - help, Shift-Dir - straight line, f - ogre
Aim: an ogre, wielding a giant spiked club The blast of sand hits the ogre.
The ogre is moderately wounded.
b - 4 stones
Casting: Sandblast (safe; 1% risk of failure)
Confirm with . or Enter, or press ? or * to list all spells.
Aiming: Sandblast (safe; 1% risk of failure)
Press: ? - help, Shift-Dir - straight line, f/p - ogre
Aim: an ogre, wielding a giant spiked club (moderately wounded)
The blast of sand hits the ogre.
The ogre is heavily wounded.
b - 3 stones The ogre completely misses you.
Casting: Sandblast (safe; 1% risk of failure)
Confirm with . or Enter, or press ? or * to list all spells.
Aiming: Sandblast (safe; 1% risk of failure)
Press: ? - help, Shift-Dir - straight line, f/p - ogre
Aim: an ogre, wielding a giant spiked club (heavily wounded)
The blast of sand hits the ogre.
The ogre is almost dead.
b - 2 stones
Casting: Sandblast (safe; 1% risk of failure)
Confirm with . or Enter, or press ? or * to list all spells.
Aiming: Sandblast (safe; 1% risk of failure)
Press: ? - help, Shift-Dir - straight line, f/p - ogre
Aim: an ogre, wielding a giant spiked club (almost dead)
The blast of sand misses the ogre.
b - a stone The ogre hits you with a giant spiked club!!
Ouch! That really hurt!
You die...

##### ##### ##...##
#...# ##.....##
#######...# #......<#
..........####.......#
#@.............#
#O..#####.....##
####...# #.......#
##......# #.......#
##..#....# #........#
####..##.####
#.#.....## #.O†.###.#
..##...##
.....)###....... .....
.......


You could see an ogre.

Vanquished Creatures
  2 adders
  2 oozes
  A dart slug (D:2)
  3 leopard geckos
  An orc (D:4)
  A ball python (D:1)
  A kobold (D:2)
  3 quokkas (D:2)
  3 bats
  A rat (D:2)
18 creatures vanquished.

Notes
Turn   | Place    | Note
-------+----------+-------------------------------------------
     0 | D:1      | Amnesiac the Deep Elf Earth Elementalist began the quest
                  | for the Orb.
     0 | D:1      | Reached XP level 1. HP: 10/10 MP: 6/6
    37 | D:2      | Reached XP level 2. HP: 12/15 MP: 4/8
    41 | D:2      | Learned a level 2 spell: Passwall
   248 | D:2      | Reached skill level 4 in Earth Magic
   291 | D:2      | Reached XP level 3. HP: 19/19 MP: 6/10
   408 | D:2      | Found a shimmering altar of Xom.
   464 | D:3      | Learned a level 3 spell: Stone Arrow
   489 | D:3      | Found an ancient bone altar of Kikubaaqudgha.
   549 | D:4      | Noticed an ogre
   567 | D:4      | Slain by an ogre

Vault maps used:
D:1:      onia_arrival_handbag
D:2:      lemuel_round_altar, grunt_ministairs_2
D:3:      lemuel_crystal_altar, gammafunk_ghost_nasty_kobolds,
          minmay_misc_feat_four_crosses
D:4:      kennysheep_little_box, first_ration

Skill      XL: |  1  2 |
---------------+-------+-----
Earth Magic    | 4 |  4.6
Dodging        | |  2.4
Stealth        | |  2.4
Spellcasting   | |  3.9
Transmutations | |  1.1

Action                   || total
-------------------------++-------
 Cast: Sandblast         ||    29
Armor: Robe              ||     1
Dodge: Dodged            ||     4

Table legend:
 A = Non-vault XP
 B = Vault XP
 C = Vault XP percentage of total XP
 D = Non-vault monster count
 E = Vault monster count
 F = Vault count percentage of total count
                 A         B        C        D         E       F
            +---------+---------+-------+---------+---------+-------
      Total |      48 |      24 |  33.3 |      14 |       4 |  22.2
            +---------+---------+-------+---------+---------+-------
        D:1 |       1 |       9 |  90.0 |       1 |       2 |  66.7
        D:2 |      21 |      15 |  41.7 |       9 |       2 |  18.2
        D:3 |      10 |       0 |   0.0 |       2 |       0 |   0.0
        D:4 |      16 |       0 |   0.0 |       2 |       0 |   0.0
            +---------+---------+-------+---------+---------+-------
